 Dungeon Crawl Stone Soup version 0.29-a0-982-gaed3a0c8d8 (webtiles) character file.

Game seed: 3576908784221464842

93 MisterAzrael the Trooper (level 4, -1/41 HPs)
             Began as a Hill Orc Fighter on Aug 1, 2022.
             Killed from afar by an orc wizard (8 damage)
             ... with a magic dart
             ... on level 2 of the Dungeon.
             The game lasted 00:02:09 (1768 turns).

MisterAzrael the Trooper (Hill Orc Fighter)         Turns: 1768, Time: 00:02:10

Health: -1/41      AC:  7    Str: 20    XL:     4   Next: 62%
Magic:  4/4        EV:  9    Int:  8    God:
Gold:   47         SH:  0    Dex: 10    Spells: 3/3 levels left

rFire   . . .      SeeInvis .   d - +4 quarterstaff (chaos)
rCold   . . .      Faith    .   (shield currently unavailable)
rNeg    . . .      Spirit   .   b - +0 scale mail
rPois   .          Reflect  .   (no helmet)
rElec   .          Harm     .   (no cloak)
rCorr   .          Rampage  .   (no gloves)
Will    .....                   (no boots)
Stlth   ..........              (no amulet)
HPRegen 0.13/turn               (no ring)
MPRegen 0.09/turn               (no ring)

@: no status effects
A: no striking features
a: no special abilities


You were on level 2 of the Dungeon.
You visited 1 branch of the dungeon, and saw 3 of its levels.

You collected 47 gold pieces.

Inventory:

Hand Weapons
 a - a +0 war axe
 d - a +4 quarterstaff of chaos (weapon)
Armour
 b - a +0 scale mail (worn)
 c - a +0 buckler
 m - a +0 cloak
Jewellery
 g - a ring of positive energy
Scrolls
 e - a scroll of immolation {unknown}
 h - 5 scrolls of identify {unknown}
 i - a scroll of fog {unknown}
 j - a scroll of magic mapping {unknown}
Potions
 f - 2 potions of curing {unknown}
 k - 4 potions of attraction {unknown}
 l - a potion of invisibility {unknown}


   Skills:
 + Level 4.4 Fighting
 - Level 3.7 Axes
 * Level 0.5 Staves
 + Level 4.0 Armour
 + Level 4.0 Shields


You had 3 spell levels left.
You didn't know any spells.
Your spell library contained the following spells:

 Spells                   Type           Power      Damage    Failure   Level
 Foxfire                  Conj/Fire      0%         2x1d4     77%         1
 Conjure Flame            Conj/Fire      0%         6-21      98%         3
 Gell's Gravitas          Tloc           0%         N/A       98%         3
 Inner Flame              Hex/Fire       0%         N/A       98%         3
 Lesser Beckoning         Tloc           0%         N/A       98%         3
 Teleport Other           Tloc           0%         N/A       98%         3
 Flame Wave               Conj/Fire      0%         2d4       100%        4


Dungeon Overview and Level Annotations

Branches:
Dungeon (3/15)

Altars:

Shops:
D:3 (


Message History

You are confused.
The orc hits you with a +0 short sword.
A jackal comes into view.
You bump into the rock wall.
The frilled lizard hisses angrily.
The jackal barks!
You hear a bark! x2
A jackal comes into view.
The rat bites you but does no damage. The orc hits you but does no damage.
Something hits you.
You barely miss the orc. The rat misses you.
Something hits you but does no damage. The orc hits you with a +0 short sword.
The rat bites you but does no damage. Something hits you.
The orc hits you with a +0 short sword.
In your confused state, you trip and fall back down the stairs.
* * * LOW HITPOINT WARNING * * *
The rat barely misses you.
You hear some strange, mumbled words.
A puff of flame appears from out of thin air!
The puff of flame hits you.
* * * LOW HITPOINT WARNING * * *
The orc hits you with a +0 short sword.
* * * LOW HITPOINT WARNING * * *
You feel less confused. Something hits you but does no damage.
The orc completely misses you. The rat bites you but does no damage.
You climb upwards.
Reactivating autopickup.
There is a stone staircase leading down here.
The rat attacks as you move away! The rat bites you but does no damage.
Something hits you but does no damage.
Deactivating autopickup; reactivate with Ctrl-A.
The orc barely misses you. Something hits you.
* * * LOW HITPOINT WARNING * * *
The rat attacks as you move away! The rat closely misses you.
The orc barely misses you. Something hits you.
* * * LOW HITPOINT WARNING * * *
A magic dart appears from out of thin air!
The magic dart hits you!
You die...

########### ###########
#.........########.........###
#................#............
#..............o.[............
#............@.{>.............
##....####...##r..............
#...........##...............
####........##...............
#.........#.....##########
#.........<#..<.#
#............#..# #####
#............#..# #..)#
#............#..# #...#


You could see an orc and a rat.

Vanquished Creatures
  Crazy Yiuf (D:2)
  2 adders
  A worm (D:2)
  A dart slug (D:1)
  3 orcs
  4 endoplasms
  2 giant cockroaches
  4 hobgoblins
  2 kobolds (D:1)
  A quokka (D:1)
  4 ball pythons
  3 bats (D:1)
  A frilled lizard (D:1)
  5 goblins
  3 rats
37 creatures vanquished.

Notes
Turn   | Place    | Note
-------+----------+-------------------------------------------
     0 | D:1      | MisterAzrael the Hill Orc Fighter began the quest for the
                  | Orb.
     0 | D:1      | Reached XP level 1. HP: 19/19 MP: 1/1
   142 | D:1      | Reached XP level 2. HP: 26/27 MP: 2/2
   832 | D:2      | Reached XP level 3. HP: 33/33 MP: 3/3
  1419 | D:2      | Found a runed translucent door.
  1420 | D:2      | Noticed Crazy Yiuf
  1427 | D:2      | Killed Crazy Yiuf
  1428 | D:2      | Reached XP level 4. HP: 27/41 MP: 4/4
  1565 | D:3      | Found Cuishi's Antique Weapon Shoppe.
  1768 | D:2      | Killed from afar by an orc wizard

Illustrated notes

Levels and vault maps discovered:
D:1:      dpeg_arrival_solitude, layout_loops_ring
D:2:      layout_basic, uniq_crazy_yiuf_cottage
D:3:      layout_rooms, elyvilon_altar_4, overflow_temple_1_default,
          serial_undead, serial_undead_c, serial_undead_f, serial_undead_f,
          serial_undead_a, serial_shops, shop, uniq_sigmund

Skill      XL: |  1  2  3  4 |
---------------+-------------+-----
Axes           | 3 |  3.7
Fighting       | 4 |  4.4
Shields        | 4 |  4.0
Armour         | 4 |  4.0
Staves         | |  0.5

Action                   |  1- 3 |  4- 6 || total
-------------------------+-------+-------++-------
Melee: War axe           |    94 |       ||    94
       Quarterstaff      |       |    24 ||    24
  Use: Potion            |     1 |       ||     1
Armor: Scale mail        |    47 |    42 ||    89
Dodge: Dodged            |    40 |    31 ||    71
Block: Buckler           |    26 |       ||    26

Table legend: (Time is in decaauts)
 A = Elapsed time spent in this place.
 B = Non-inter-level travel time spent in this place.
 C = Inter-level travel time spent in this place.
 D = Time resting spent in this place.
 E = Time spent auto-exploring this place.
 F = Levels seen in this place.
 G = Mean time per level.
                   A        B        C        D        E       F      G
               +--------+--------+--------+--------+--------+-----+--------+
         Total |   1811 |   1761 |     50 |    160 |   1296 |   3 |  603.7 |
       Dungeon |   1811 |   1761 |     50 |    160 |   1296 |   3 |  603.7 |
               +--------+--------+--------+--------+--------+-----+--------+

Top non-repeatable levels by time:
     D:2: 989 daAuts
     D:1: 791 daAuts
     D:3: 30 daAuts
